 Dungeon Crawl Stone Soup version 0.24.0-13-gcf9b319 (webtiles) character file.

Game seed: 11638172437966885646, levelgen mode: deterministic

60 Fortress the Grave Robber (level 3, 0/19 HPs)
             Began as a Vampire Necromancer on Jan 7, 2020.
             Slain by an ogre
             ... wielding a cursed +0 giant club
              (6 damage)
             ... on level 4 of the Dungeon.
             The game lasted 00:05:53 (1358 turns).

Fortress the Grave Robber (Vampire Necromancer)     Turns: 1358, Time: 00:05:53

Health: 0/19       AC:  4    Str:  7    XL:     3   Next: 80%
Magic:  2/6        EV: 12    Int: 18    God:
Gold:   61         SH:  0    Dex: 14    Spells: 5/6 levels left

rFire    . . .     SeeInvis +   f - +0 short sword
rCold    + + +     Gourm    .   (no shield)
rNeg     + + +     Faith    .   j - +1 leather armour {rC+}
rPois    ∞         Spirit   .   (no helmet)
rElec    .         Reflect  .   (no cloak)
rCorr    .         Harm     .   (no gloves)
MR       .....                  (no boots)
Stlth    ++++......             (no amulet)
HPRegen  0.00/turn              (no ring)
MPRegen  0.10/turn              (no ring)

@: lethally poisoned (0 -> 0), bloodless, regenerating quickly
A: no food, fangs 3, see invisible, unbreathing
a: Bat Form, Revivify


You were on level 4 of the Dungeon.
You were bloodless.

You visited 1 branch of the dungeon, and saw 4 of its levels.

You collected 61 gold pieces.

Inventory:

Hand Weapons
 f - a +0 short sword (weapon)
Armour
 a - a +0 robe
 j - a +1 leather armour of cold resistance (worn)
Jewellery
 c - an uncursed ring of wizardry {unknown}
Scrolls
 g - a scroll of remove curse {unknown}
 h - a scroll of identify {unknown}
Potions
 b - a potion of haste {unknown}
 d - a potion of might {unknown}
 e - a potion of flight {unknown}
 i - a potion of lignification {unknown}


   Skills:
 + Level 0.9 Short Blades
 + Level 2.6 Dodging
 + Level 3.7 Stealth
 - Level 0.2 Unarmed Combat
 + Level 2.4 Spellcasting
 + Level 5.1 Necromancy


You had 5 spell levels left.
You knew the following spells:

 Your Spells              Type           Power        Failure   Level  Hunger
a - Pain                  Necr           ###.         3%          1    N/A

Your spell library contained the following spells:

 Spells                   Type           Power        Failure   Level  Hunger
 Animate Skeleton         Necr           N/A          3%          1    N/A
 Vampiric Draining        Necr           ###.......   10%         3    N/A
 Regeneration             Chrm/Necr      ##........   28%         3    N/A
 Animate Dead             Necr           N/A          32%         4    N/A

Dungeon Overview and Level Annotations

Branches:
Dungeon (4/15)
 Temple: D:4-7

Altars:
Vehumet


Innate Abilities, Weirdness & Mutations

You do not eat.
You do not regenerate when monsters are visible.
You are frail without blood (-20% HP).
You can heal yourself when you bite living creatures.
You are immune to poison.
You have razor-sharp teeth.
You have supernaturally acute eyesight. (SInv)
You can survive without breathing.


Message History

Aiming: Pain (safe; 3% risk of failure)
Press: ? - help, Shift-Dir - straight line, f/p - ogre
Aim: an ogre, wielding a +0 giant club (chance to defeat MR: 80%)
The ogre writhes in agony.
The ogre hits you with a cursed +0 giant club!
Ouch! That really hurt!
Casting: Pain (safe; 3% risk of failure)
Confirm with . or Enter, or press ? or * to list all spells.
Aiming: Pain (safe; 3% risk of failure)
Press: ? - help, Shift-Dir - straight line, f/p - ogre
Aim: an ogre, wielding a +0 giant club (lightly wounded, chance to defeat MR: 80%)
The ogre writhes in agony.
Casting: Pain (safe; 3% risk of failure)
Confirm with . or Enter, or press ? or * to list all spells.
Aiming: Pain (safe; 3% risk of failure)
Press: ? - help, Shift-Dir - straight line, f/p - ogre
Aim: an ogre, wielding a +0 giant club (moderately wounded, chance to defeat MR: 80%)
The ogre writhes in agony!
The ogre hits you with a cursed +0 giant club.
You die...

#. ##... ..
#.###... ... #.
.... ..# ##.
#..###.##
..##...#...#.
#.#......_./.
#.#)...#
#####<...##
#....)O@..#
#.####..........
#..#.##.###
#...... #
...#.##. ..###.#
.. #.. .. . #..
##


You could see an ogre.

Vanquished Creatures
  A worker ant (D:4)
  A worm (D:2)
  An orc (D:4)
  A ball python (D:1)
  4 giant cockroaches (D:1)
  3 goblins (D:1)
  4 hobgoblins
  2 quokkas
  2 bats (D:1)
  2 frilled lizards (D:1)
  6 kobolds (D:1)
  2 rats
29 creatures vanquished.

Notes
Turn   | Place    | Note
-------+----------+-------------------------------------------
     0 | D:1      | Fortress the Vampire Necromancer began the quest for the
                  | Orb.
     0 | D:1      | Reached XP level 1. HP: 13/13 MP: 3/3
   291 | D:1      | Reached XP level 2. HP: 17/19 MP: 5/5
   971 | D:2      | Reached XP level 3. HP: 16/24 MP: 6/6
  1042 | D:2      | You fall into a shaft and drop 1 floor!
  1044 | D:3      | Reached skill level 5 in Necromancy
  1049 | D:4      | Found a radiant altar of Vehumet.
  1353 | D:4      | Noticed an ogre
  1358 | D:4      | Slain by an ogre

Levels and vault maps discovered:
D:1:      eino_arrival_water_star, layout_basic
D:2:      layout_basic, minmay_domino_4, uniq_natasha, uniq_sigmund
D:3:      layout_loops_ring, first_ration
D:4:      minmay_octagon_keep, layout_loops_cross, kennysheep_little_box,
          grunt_dithmenos_smoke, vehumet_crystals, hex_large,
          minmay_misc_feat_five, fedhas_altar_1, uniq_pikel, uniq_blork_the_orc,
          uniq_eustachio

Skill      XL: |  1  2  3 |
---------------+----------+-----
Necromancy     | 5 |  5.1
Short Blades   | |  0.9
Dodging        | |  2.6
Stealth        | |  3.7
Unarmed Combat | |  0.2
Spellcasting   | |  2.4

Action                   || total
-------------------------++-------
Melee: Club              ||    34
       Unarmed           ||     9
       Bite              ||     5
       Short sword       ||    53
 Cast: Pain              ||    28
 Abil: Exsanguinate      ||     1
 Stab: Sleeping          ||     4
Armor: Robe              ||    17
       Leather armour    ||     3
Dodge: Dodged            ||   101
